 Dungeon Crawl Stone Soup version 0.25.1-2-g60ff931df9 (webtiles) character file.

Game seed: 7251565757396717709

74 DogServant the Firebug (level 4, 0/24 HPs)
             Began as a Kobold Fire Elementalist on Oct 18, 2020.
             Was an Initiate of Ashenzari.
             Succumbed to an adder's poison
             ... on level 2 of the Dungeon.
             The game lasted 00:03:32 (2632 turns).

DogServant the Firebug (Kobold Fire Elementalist)   Turns: 2632, Time: 00:03:32

Health: 0/24       AC:  2    Str:  5    XL:     4   Next: 54%
Magic:  4/7        EV: 15    Int: 17    God:    Ashenzari [......]
Gold:   87         SH:  0    Dex: 15    Spells: 3/7 levels left

rFire    . . .     SeeInvis .   l - +1 trident (flame)
rCold    . . .     Gourm    .   (shield currently unavailable)
rNeg     + . .     Faith    .   a - +0 robe
rPois    .         Spirit   .   (no helmet)
rElec    .         Reflect  .   (no cloak)
rCorr    .         Harm     .   (no gloves)
MR       .....                  (no boots)
Stlth    ++........             (no amulet)
HPRegen  0.08/turn              g - ring of positive energy
MPRegen  0.10/turn              (no ring)

@: lethally poisoned (0 -> -15)
A: small, carnivore
a: Curse Item, Renounce Religion


You were on level 2 of the Dungeon.
You worshipped Ashenzari.
Ashenzari was noncommittal.
You were very full.

You visited 1 branch of the dungeon, and saw 2 of its levels.

You collected 87 gold pieces.

Inventory:

Hand Weapons
 b - a +0 short sword
 l - a +1 trident of flaming (weapon)
Missiles
 f - 13 poisoned darts (quivered)
Armour
 a - a +0 robe (worn)
Jewellery
 g - a ring of positive energy (left hand)
Scrolls
 d - 2 scrolls of identify
 e - 3 scrolls of teleportation
 h - a scroll of noise {unknown}
 j - a scroll of remove curse
 k - a scroll of amnesia {unknown}
Comestibles
 c - 2 rations


   Skills:
 - Level 2.4 Dodging
 - Level 2.6 Stealth
 - Level 2.1 Spellcasting
 + Level 2.8 Conjurations
 + Level 4.1 Fire Magic


You had 3 spell levels left.
You knew the following spells:

 Your Spells              Type           Power        Failure   Level  Hunger
a - Foxfire               Conj/Fire      ##..         4%          1    #......
b - Inner Flame           Hex/Fire       #.......     24%         3    ###....

Your spell library contained the following spells:

 Spells                   Type           Power        Failure   Level  Hunger
 Conjure Flame            Conj/Fire      ##......     14%         3    ###....
 Sticky Flame             Conj/Fire      ##......     41%         4    #####..
 Fireball                 Conj/Fire      ##........   77%         5    ######.


Dungeon Overview and Level Annotations

Branches:
Dungeon (2/15)

Altars:
Ashenzari
Cheibriados
Gozag
Kikubaaqudgha
Zin


Innate Abilities, Weirdness & Mutations

You are small and have problems with some larger weapons.
You are carnivorous and can eat meat at any time.


Message History

You feel sick. The adder misses you.
You barely miss the adder.
The adder is severely wounded.
You feel sick. The adder bites you. x2
You are more poisoned.
The adder poisons you!
You barely miss the adder.
The adder is severely wounded.
* * * LOW HITPOINT WARNING * * *
You feel sick. The adder bites you.
* * * LOW HITPOINT WARNING * * *
The adder closely misses you.
It was a potion of cancellation.
You feel magically purged.
* * * LOW HITPOINT WARNING * * *
You feel sick. The adder barely misses you.
Okay, then.
Casting: Foxfire (safe; 4% risk of failure)
Confirm with . or Enter, or press ? or * to list all spells.
You conjure some foxfire!
You die...

.# .>
#.##.........
)# .
#.##.........
.##..§.
#.##.........
..§...v.
#.##.........
####.###
#(.#.........
##.#.........
#.#.........
#vv####.####
##@# #S# #s.
#### ##.#
#... .?
###.## .?#
#..... ..#
#..... ..#
#..... ###.#.


You could see an adder and a giant cockroach.

Vanquished Creatures
  2 adders (D:2)
  A worm (D:2)
  2 dart slugs (D:1)
  A leopard gecko (D:1)
  2 giant cockroaches (D:1)
  8 goblins
  5 hobgoblins
  6 bats
  2 frilled lizards (D:1)
  11 kobolds
  2 rats
42 creatures vanquished.

Vanquished Creatures (others)
  130 foxfires
130 creatures vanquished.

Grand Total: 172 creatures vanquished

Notes
Turn   | Place    | Note
-------+----------+-------------------------------------------
     0 | D:1      | DogServant the Kobold Fire Elementalist began the quest for
                  | the Orb.
     0 | D:1      | Reached XP level 1. HP: 10/10 MP: 3/3
   249 | D:1      | Reached XP level 2. HP: 15/15 MP: 1/5
   731 | D:1      | Reached XP level 3. HP: 19/19 MP: 3/6
   902 | D:1      | Learned a level 3 spell: Inner Flame
  1538 | D:2      | Reached XP level 4. HP: 10/24 MP: 2/7
  2052 | D:2      | Reached skill level 4 in Fire Magic
  2114 | D:2      | Found a shattered altar of Ashenzari.
  2114 | D:2      | Found an ancient bone altar of Kikubaaqudgha.
  2114 | D:2      | Found an opulent altar of Gozag.
  2116 | D:2      | Found a snail-covered altar of Cheibriados.
  2116 | D:2      | Found a glowing silver altar of Zin.
  2124 | D:2      | Became a worshipper of Ashenzari the Shackled
  2631 | D:2      | HP: 1/24 [poisoned by an adder]
  2632 | D:2      | Succumbed to an adder's poison

Illustrated notes

Levels and vault maps discovered:
D:1:      ncdulo_smallfort, layout_loops_corners
D:2:      layout_basic, grunt_temple_overflow_open

Skill      XL: |  1  2  3  4 |
---------------+-------------+-----
Conjurations   | 2 |  2.8
Fire Magic     | 4 |  4.1
Dodging        | |  2.4
Stealth        | |  2.6
Spellcasting   | |  2.1

Action                   |  1- 3 |  4- 6 || total
-------------------------+-------+-------++-------
Melee: Trident           |       |     6 ||     6
       Short sword       |       |     1 ||     1
 Cast: Foxfire           |    59 |    34 ||    93
  Use: Scroll            |       |     2 ||     2
       Potion            |       |     1 ||     1
  Eat: Chunk             |    11 |     3 ||    14
Armor: Robe              |     3 |     3 ||     6
Dodge: Dodged            |     6 |    26 ||    32
